 Dungeon Crawl Stone Soup version 0.18-a0-1435-gee79d65 (webtiles) character file.

64 Slowtrain the Ruffian (level 3, -2/28 HPs)
             Began as a Minotaur Transmuter on Feb 28, 2016.
             Slain by a gnoll
             ... wielding a +0 spear
              (5 damage)
             ... on level 2 of the Dungeon.
             The game lasted 00:08:36 (1212 turns).

Slowtrain the Ruffian (Minotaur Transmuter)         Turns: 1212, Time: 00:08:36

Health: -2/28      AC:  2    Str: 11 (14) XL:     3   Next: 91%
Magic:  2/4        EV: 12    Int:  9 (10) God:
Gold:   74         SH:  0    Dex:  8 (11) Spells: 2 memorised, 1 level left

rFire  . . .     SeeInvis .       - Unarmed
rCold  . . .     Gourm    .     b - +0 robe
rNeg   . . .     Faith    .     (no shield)
rPois  .         Spirit   .     (helmet restricted)
rElec  .         Dismiss  .     (no cloak)
rCorr  .         Reflect  .     (no gloves)
SustAt .         Harm     .     (no boots)
MR     .....                    (no amulet)
Stlth  +.........               (no ring)
                                (no ring)

@: not resistant to hostile enchantments, very unstealthy
A: retaliatory headbutt, horns 2
a: no special abilities


You were on level 2 of the Dungeon.
You were hungry.

You visited 1 branch of the dungeon, and saw 2 of its levels.

You collected 74 gold pieces.

Inventory:

Missiles
 a - 15 arrows
Armour
 b - a +0 robe (worn)
Jewellery
 q - an uncursed ring of sustain attributes
Potions
 k - a potion of degeneration
 l - a potion of might
Books
 c - a book of Changes

   Spells                             Type                      Level
   a - Beastly Appendage              Transmutation                1
   b - Sticks to Snakes               Transmutation                2
   c - Spider Form                    Transmutation/Poison         3
   d - Ice Form                       Ice/Transmutation            4
   e - Blade Hands                    Transmutation                5
Comestibles
 d - a bread ration
 f - a chunk of flesh
 g - 4 fruits
 o - a meat ration


   Skills:
 - Level 1.2 Fighting
 - Level 2.1 Dodging
 + Level 4.7 Unarmed Combat
 - Level 1.3 Spellcasting
 + Level 2.4 Transmutations


You had one spell level left.
You knew the following spells:

 Your Spells              Type           Power        Failure   Level  Hunger
a - Beastly Appendage     Trmt           #.....       14%         1    ##.....
b - Sticks to Snakes      Trmt           #.......     21%         2    ###....


Dungeon Overview and Level Annotations

Branches:
Dungeon (2/15)

Altars:
Dithmenos


Innate Abilities, Weirdness & Mutations

You reflexively headbutt those who attack you in melee.
You have a pair of horns on your head.


Message History

Your transformation is almost over.
The gnoll hits you but does no damage.
The gnoll hits you from afar with a spear.
* * * LOW HITPOINT WARNING * * *
Unknown command.
The gnoll hits you but does no damage.
Some of the chunks of flesh in your inventory have rotted away.
The gnoll hits you but does no damage. The gnoll hits you but does no damage.
The gnoll hits you but does no damage. The gnoll hits you but does no damage.
The gnoll hits you but does no damage. The gnoll barely misses you.
You feel less woody.
Your +0 robe unmelds from your body.
The gnoll barely misses you.
You feel a little less mighty now.
Your magical contamination has completely faded away.
Found a leather armour.
The gnoll hits you with a spear.
You die...

....##. .. #[ ...... [......
###.###.#...... #....
#.#.....#.#..... #...
#.#...........# #...
#......#......# #...
#.......#....#####. ...#.
##............##... #...#.
#.........@......####......
#......##g........#.#...w
#......g.)...............
##.##.....#(..............
#......................#
.......####......>..(....###
.#.....# #..[....<)...###
........ #............#
.###.#### #............#


You could see a gnoll.

Vanquished Creatures
  2 gnolls (D:2)
  2 adders (D:2)
  2 hobgoblins (D:1)
  4 jackals (D:1)
  4 kobolds
  4 bats (D:1)
  2 giant newts (D:1)
  6 goblins
  4 rats (D:1)
30 creatures vanquished.

Notes
Turn   | Place    | Note
--------------------------------------------------------------
     0 | D:1      | Slowtrain the Minotaur Transmuter began the quest for the Orb.
     0 | D:1      | Reached XP level 1. HP: 16/16 MP: 1/1
   223 | D:1      | Reached skill level 4 in Unarmed Combat
   223 | D:1      | Reached XP level 2. HP: 7/23 MP: 0/3
   454 | D:1      | Learned a level 2 spell: Sticks to Snakes
   980 | D:2      | Reached XP level 3. HP: 28/28 MP: 4/4
  1031 | D:2      | Found a shadowy altar of Dithmenos.
  1171 | D:2      | HP: 1/42 [gnoll/spear (4)]
  1186 | D:2      | HP: 2/42 [gnoll/spear (2)]
  1212 | D:2      | Slain by a gnoll

Vault maps used:
D:1:      dpeg_arrival_houses_and_road, grunt_decor_one_mirror
D:2:      nicolae_dithmenos_through_a_glass_darkly, hangedman_decor_push,
          roderic_curled_sauvastika, minmay_misc_feat_encased

Skill      XL: |  1  2 |
---------------+-------+-----
Unarmed Combat | 4 |  4.7
Transmutations | 2 |  2.4
Fighting       | |  1.2
Dodging        | |  2.1
Spellcasting   | |  1.3

Action                   || total
-------------------------++-------
Melee: Unarmed           ||    66
Throw: Stone             ||    17
       Tomahawk          ||     5
 Cast: Beastly Appendage ||    10
       Sticks to Snakes  ||     3
  Use: Scroll            ||     5
       Potion            ||     3
  Eat: Chunk             ||     1
